 Dungeon Crawl Stone Soup version 0.29.1-2-gbd0b4ee654 (webtiles) character file.

Game seed: 17257853314164081911

877 Ihaveafatcat the Chopper (level 8, -3/69 HPs)
             Began as a Hill Orc Fighter on Nov 10, 2022.
             Killed from afar by an electric eel (13 damage)
             ... with a bolt of electricity
             ... on level 6 of the Dungeon.
             The game lasted 00:26:58 (9019 turns).

Ihaveafatcat the Chopper (Hill Orc Fighter)         Turns: 9019, Time: 00:26:59

Health: -3/69      AC:  7    Str: 27    XL:     8   Next: 4%
Magic:  8/8        EV: 10    Int:  8    God:
Gold:   188        SH:  4    Dex: 10    Spells: 7/7 levels left

rFire   . . .      SeeInvis .   a - +1 war axe
rCold   . . .      Faith    .   c - +0 buckler
rNeg    . . .      Spirit   .   b - +0 scale mail
rPois   .          Reflect  .   (no helmet)
rElec   .          Harm     .   (no cloak)
rCorr   .          Rampage  .   (no gloves)
Will    .....                   (no boots)
Stlth   ..........              p - amulet of magic regeneration
HPRegen 0.21/turn               n - +6 ring of strength
MPRegen 0.51/turn               (no ring)

@: no status effects
A: no striking features
a: no special abilities


You were on level 6 of the Dungeon.
You visited 1 branch of the dungeon, and saw 6 of its levels.

You collected 232 gold pieces.
You spent 44 gold pieces at shops.

Inventory:

Hand Weapons
 a - a +1 war axe (weapon)
Armour
 b - a +0 scale mail (worn)
 c - a +0 buckler (worn)
Jewellery
 n - a +6 ring of strength (left hand)
 p - an amulet of magic regeneration (around neck)
 r - a ring of magical power
Wands
 e - a wand of digging (7)
Scrolls
 d - a scroll of teleportation
 g - a scroll of identify
 j - a scroll of fear
 l - 2 scrolls of amnesia
 s - 2 scrolls of poison
 u - a scroll of brand weapon {unknown}
Potions
 f - 2 potions of mutation {unknown}
 h - a potion of invisibility {unknown}
 i - 2 potions of curing
 k - 2 potions of ambrosia {unknown}
 m - 2 potions of haste {unknown}
 o - a potion of magic
 q - a potion of brilliance {unknown}
 t - a potion of heal wounds


   Skills:
 + Level 5.4 Fighting
 + Level 1.2 Short Blades
 + Level 7.1 Axes
 + Level 5.7 Armour
 + Level 1.9 Dodging
 + Level 0.7 Stealth
 + Level 4.7 Shields


You had 7 spell levels left.
You didn't know any spells.
Your spell library contained the following spells:

 Spells                   Type           Power      Damage    Failure   Level
 Poisonous Vapours        Pois/Air       0%         N/A       87%         2
 Stone Arrow              Conj/Erth      0%         3d7       98%         3
 Animate Armour           Summ/Erth      0%         N/A       100%        4
 Corpse Rot               Necr/Pois/Air  0%         N/A       100%        4
 Lehudib's Crystal Spear  Conj/Erth      0%         10d2      100%        8


Dungeon Overview and Level Annotations

Branches:
Dungeon (6/15)
 Temple: D:4-7

Altars:
Wu Jian

Shops:
D:3 *


Message History

Found a wooden ring and a potion of heal wounds.
r - a ring of magical power
t - a potion of heal wounds
Found a scroll of immolation.
Found a stone staircase leading down.
Found a scroll labelled JICRORAMIO.
You see here a scroll of immolation.
There is a stone staircase leading down here.
An orc and an electric eel come into view.
Found 2 potions of heal wounds.
The orc shouts!
The electric eel shoots out a bolt of lightning at you!
The bolt of electricity hits you!
You see here a scroll labelled JICRORAMIO.
An iguana comes into view.
The electric eel shoots out a bolt of lightning at you!
The bolt of electricity hits you!
The electric eel shoots out a bolt of lightning at you!
The bolt of electricity hits you!
You see here a scroll labelled JICRORAMIO.
There is a stone staircase leading down here.
The electric eel shoots out a bolt of lightning at you!
The bolt of electricity hits you!
The electric eel shoots out a bolt of lightning at you!
The bolt of electricity misses you.
You see here a scroll labelled JICRORAMIO.
u - a scroll labelled JICRORAMIO The electric eel shoots out a bolt of lightning at you!
The bolt of electricity hits you!
The electric eel shoots out a bolt of lightning at you!
The bolt of electricity misses you. The bolt of electricity hits you!
* * * LOW HITPOINT WARNING * * *
The bolt of electricity hits the electric eel.
The electric eel completely resists.
A scorpion comes into view.
The electric eel shoots out a bolt of lightning at you!
The bolt of electricity hits you!
* * * LOW HITPOINT WARNING * * *
The bolt of electricity hits you!
You die...

#...# .≈≈≈≈ ..
#...# ~≈≈≈ ..
#... ≈≈≈ ###.
.# #..# # #≈≈
... ..# #..##
#.⌠ #≈≈ .⌠
...# #....
#s.o#~~#. #..#
#.###
.###≈..S###..#
#.#..
.!.....@.....#
#.#.#
.....###..####
#.#.# ... #.##
#.#.#
...#####.###
#.#.#
#.........#
#.#.#
###....>..#
#.#.#
#.......#
#.#.#
#....?..#
#.#.#
#####.###
#.#..


You could see a scorpion (wandering), an electric eel and an orc.

Vanquished Creatures
  An ice beast (D:5)
  A phantom (D:5)
  Blork the orc (D:5)
  A bullfrog (D:4)
  A necrophage (D:4)
  A scorpion (D:5)
  2 hounds
  2 orc priests (D:4)
  An iguana (D:5)
  4 orc wizards
  8 adders
  A shadow imp (D:5)
  2 ufetubi (D:5)
  A worm (D:2)
  5 dart slugs
  10 orcs
  9 endoplasms
  2 giant cockroaches
  4 goblins
  4 hobgoblins
  4 jackals (D:1)
  4 kobolds
  5 quokkas
  3 ball pythons
  6 bats
  A frilled lizard (D:3)
  4 rats
88 creatures vanquished.

Vanquished Creatures (others)
  3 orc wizards (D:4)
  4 toadstools (D:4)
7 creatures vanquished.

Grand Total: 95 creatures vanquished

Notes
Turn   | Place    | Note
-------+----------+-------------------------------------------
     0 | D:1      | Ihaveafatcat the Hill Orc Fighter began the quest for the
                  | Orb.
     0 | D:1      | Reached XP level 1. HP: 19/19 MP: 1/1
   179 | D:1      | Reached XP level 2. HP: 18/27 MP: 2/2
   821 | D:1      | Reached XP level 3. HP: 27/33 MP: 3/3
  1044 | D:2      | Reached skill level 3 in Axes
  1179 | D:2      | Reached skill level 1 in Short Blades
  1183 | D:2      | Reached XP level 4. HP: 35/40 MP: 4/4
  1262 | D:2      | Found a faded altar of an unknown god.
  2114 | D:3      | Found Gumiad's Assorted Antiques.
  2326 | D:3      | Bought a bubbling green potion for 22 gold pieces
  2326 | D:3      | Bought a fuming yellow potion for 22 gold pieces
  2588 | D:3      | Reached XP level 5. HP: 29/47 MP: 5/5
  3423 | D:4      | Reached skill level 4 in Axes
  3433 | D:4      | Reached skill level 1 in Dodging
  3519 | D:4      | Reached XP level 6. HP: 24/53 MP: 6/6
  3736 | D:4      | Reached skill level 5 in Axes
  4391 | D:4      | Found an ornate altar of the Wu Jian Council.
  5965 | D:4      | Reached XP level 7. HP: 58/60 MP: 7/7
  6895 | D:5      | Entered Level 5 of the Dungeon
  6983 | D:5      | Reached skill level 6 in Axes
  7019 | D:5      | Reached skill level 5 in Fighting
  7019 | D:5      | Noticed Blork the orc
  7051 | D:5      | Reached skill level 5 in Armour
  7972 | D:5      | Killed Blork the orc
  7977 | D:5      | Reached skill level 7 in Axes
  8540 | D:5      | Reached XP level 8. HP: 65/69 MP: 8/8
  9019 | D:6      | Killed from afar by an electric eel

Illustrated notes

Levels and vault maps discovered:
D:1:      evilmike_arrival_crescent, layout_loops_ring
D:2:      layout_loops_ring, ebering_ecumenical_altar_rust,
          grunt_decor_arrowhead
D:3:      layout_loops_ring, serial_shops, shop, nicolae_titane
D:4:      layout_cave_pools, kennysheep_little_box,
          kennysheep_decorative_pillar, minmay_gold_behind_fungi
D:5:      layout_loops_ring, kennysheep_generic_room_3, uniq_blork_the_orc
D:6:      layout_basic, minmay_temple_entry_tees, fountainhead,
          minmay_misc_feat_enclosed

Skill      XL: |  1  2  3  4  5  6  7 |
---------------+----------------------+-----
Fighting       | 4 5 |  5.4
Axes           | 3 4 5 7 |  7.1
Short Blades   | 1 |  1.2
Shields        | 4 |  4.7
Armour         | 4 5 |  5.7
Dodging        | 1 |  1.9
Stealth        | |  0.7

Action                   |  1- 3 |  4- 6 |  7- 9 || total
-------------------------+-------+-------+-------++-------
Melee: War axe           |    62 |   126 |   122 ||   310
       Dagger            |    28 |       |       ||    28
  Use: Scroll            |     4 |    12 |     1 ||    17
       Potion            |       |     5 |     1 ||     6
Armor: Scale mail        |    60 |    67 |    68 ||   195
Dodge: Dodged            |    56 |    64 |    70 ||   190
Block: Buckler           |    25 |    45 |    22 ||    92
